AoeStats
← AiM | CyclopsTron

African Clearing

504159224Analyzed
4v4 RM · 29d ago on Sep 4, 2026· 37m 25s· 8 players
Game mode
Random Map
Map size
Large (8 player)
Population
200
Speed
Normal
Resources
Standard
Victory
Conquest
Starting age
Dark Age
Ending age
Imperial Age
RankedLock teamsTeams togetherTeam positionsShared explorationLock speedFull tech treeHidden civsTurbo modeCheats
Victory
Defeat
🇲🇽 Mapuche · Mexico
1667
+12
🇦🇷 Jurchens · Argentina
1515
+19
🇲🇽 Vietnamese · Mexico
1506
+20
🇦🇷 Spanish · Argentina
1452
+22
🇨🇳 Mongols · China
1627
-20
🇹🇼 Berbers · Taiwan
1601
-19
🇻🇳 Bulgarians · Vietnam
1599
-19
🇨🇳 Vietnamese · China
1522
-15
nono
11:35 Feudal Age
10:24 Loom
12:29 Double-Bit Axe
12:32 Town Watch
26:17 Fletching
Jhih
13:44 Feudal Age
14:38 Loom
18:01 Castle Age
19:33 Fletching
20:30 Double-Bit Axe
23:51 Bodkin Arrow
27:47 Padded Archer Armor
32:49 Horse Collar
34:10 Leather Archer Armor
35:21 Bow Saw
雕牌洗衣粉
8:44 Loom
11:09 Feudal Age
12:59 Double-Bit Axe
26:04 Castle Age
26:33 Scale Barding Armor
26:27 Fletching
Eagles_SlGiap
5:52 Loom
8:37 Loom
13:47 Feudal Age
18:00 Castle Age
16:14 Double-Bit Axe
19:30 Wheelbarrow
20:43 Horse Collar
24:08 Fletching
32:59 Ballistics
AiM | CyclopsTron
3:35 Loom
3:58 Loom
12:35 Feudal Age
17:42 Castle Age
16:58 Double-Bit Axe
18:47 Fletching
27:45 Bodkin Arrow
31:38 Town Watch
36:58 Horse Collar
37:33 Bow Saw
37:54 Malon
AiM | Facu1414
7:20 Loom
13:21 Feudal Age
17:47 Castle Age
15:40 Double-Bit Axe
15:49 Horse Collar
18:35 Scale Barding Armor
19:15 Bloodlines
23:50 Husbandry
26:23 Chain Barding Armor
26:14 Forging
28:04 Wheelbarrow
27:14 Town Watch
30:12 Iron Casting
34:55 Hand Cart
AIM | Agua cate 98
13:24 Feudal Age
11:42 Loom
13:28 Feudal Age
17:14 Castle Age
15:35 Double-Bit Axe
18:35 Wheelbarrow
21:30 Town Watch
25:25 Padded Archer Armor
25:38 Bow Saw
29:34 Murder Holes
32:24 Horse Collar
36:47 Husbandry
36:57 Bloodlines
36:53 Fletching
AiM | Fubuki Sinri
9:08 Loom
13:30 Feudal Age
25:56 Fletching
33:27 Castle Age
36:22 Bodkin Arrow
38:09 Wheelbarrow
Connection lost

Rejoining the realm…

Still unreachable

The connection could not be restored.

Session expired

The server has moved on; the page needs a fresh start.